 Dungeon Crawl Stone Soup version 0.22-a0-348-gd16d139 (webtiles) character file.

454 Goblin1989 the Firebug (level 7, 0/41 HPs)
             Began as an Octopode Fire Elementalist on Apr 10, 2018.
             Was an Initiate of Vehumet.
             Killed from afar by Blork the orc (9 damage)
             ... with a magic dart
             ... on level 4 of the Dungeon.
             The game lasted 00:11:09 (4332 turns).

Goblin1989 the Firebug (Octopode Fire Elementalist) Turns: 4332, Time: 00:11:09

Health: 0/41       AC:  1    Str:  8    XL:     7   Next: 5%
Magic:  3/12       EV: 13    Int: 19    God:    Vehumet [......]
Gold:   135        SH:  0    Dex: 12    Spells: 4/12 levels left

rFire    . . .     SeeInvis .   m - +0 dagger (elec)
rCold    . . .     Gourm    .   (no shield)
rNeg     . . .     Faith    .   (helmet restricted)
rPois    .         Spirit   .   (no amulet)
rElec    .         Reflect  .   (no ring)
rCorr    .         Harm     .   (no ring)
MR       .....                  (no ring)
Stlth    +++.......             (no ring)
HPRegen  0.13/turn              (no ring)
MPRegen  0.13/turn              (no ring)
                                (no ring)
                                (no ring)

@: no status effects
A: almost no armour, stealthy swim, amphibious, 8 rings, constrict 8, camouflage
1, gelatinous body 1
a: Renounce Religion


You were on level 4 of the Dungeon.
You worshipped Vehumet.
Vehumet was noncommittal.
You were very hungry.

You visited 2 branches of the dungeon, and saw 5 of its levels.

You collected 135 gold pieces.

Inventory:

Hand Weapons
 m - a +0 dagger of electrocution (weapon)
Missiles
 h - 22 bolts
 i - 17 sling bullets
 j - 115 stones (quivered) {@Q3}
 n - 15 poisoned needles
 p - 8 exploding tomahawks
 F - 6 curare-tipped needles
Wands
 D - a wand of digging (16)
Scrolls
 g - 2 scrolls of random uselessness {unknown}
 l - a scroll of blinking {unknown}
 o - 4 scrolls of identify {unknown}
 q - 9 scrolls of teleportation {unknown}
 y - a scroll of enchant armour {unknown}
 B - a scroll of remove curse {unknown}
 E - 2 scrolls of amnesia {unknown}
Potions
 s - a potion of curing {unknown}
 t - 3 potions of flight {unknown}
 u - a potion of heal wounds {unknown}
 v - 2 potions of mutation {unknown}
 w - a potion of resistance {unknown}
 x - a potion of lignification {unknown}
 A - a potion of magic {unknown}
 C - a potion of haste {unknown}
Comestibles
 e - 11 rations


   Skills:
 - Level 2.0 Dodging
 - Level 2.6 Stealth
 + Level 3.3 Spellcasting
 * Level 4.4 Conjurations
 * Level 5.4 Fire Magic


You had 4 spell levels left.
You knew the following spells:

 Your Spells              Type           Power        Failure   Level  Hunger
a - Flame Tongue          Conj/Fire      ###..        1%          1    None
b - Sticky Flame          Conj/Fire      ###.....     19%         4    ####...
j - Conjure Flame         Conj/Fire      ###.....     6%          3    ###....


Dungeon Overview and Level Annotations

Branches:
Dungeon (4/15)             Temple (1/1) D:4

Altars:
Dithmenos
Fedhas
Gozag
Kikubaaqudgha
Makhleb
Okawaru
Qazlal
Vehumet
Wu Jian
Xom
Zin

Shops:
D:3 *

Annotations:
D:3 1 runed door
D:4 Blork the orc


Innate Abilities, Weirdness & Mutations

You cannot wear most types of armour.
You are very stealthy in the water. (Stealth+)
You are amphibious.
You can wear up to eight rings at the same time.
You can use your tentacles to constrict eight enemies at once.
Your skin changes colour to match your surroundings (Stealth+).
Your rubbery body absorbs attacks. (AC +1, EV +1)


Message History

Casting: Flame Tongue (safe; 1% risk of failure)
Confirm with . or Enter, or press ? or * to list all spells.
Aiming: Flame Tongue (safe; 1% risk of failure)
Press: ? - help, Shift-Dir - straight line, f/p - Blork the orc
Aim: Blork the orc, wielding a trident of protection and wearing a robe (lightly wounded)
The flame tongue misses Blork the orc.
You now have 9/12 mp.
Casting: Flame Tongue (safe; 1% risk of failure)
Confirm with . or Enter, or press ? or * to list all spells.
Aiming: Flame Tongue (safe; 1% risk of failure)
Press: ? - help, Shift-Dir - straight line, f/p - Blork the orc
Aim: Blork the orc, wielding a trident of protection and wearing a robe (lightly wounded)
The flame tongue hits Blork the orc.
Blork the orc appears unharmed.
Blork the orc is lightly wounded.
Blork the orc hits you from afar with a trident of protection.
You take 4 damage, and have 34/41 hp.
You now have 8/12 mp.
Casting: Flame Tongue (safe; 1% risk of failure)
Confirm with . or Enter, or press ? or * to list all spells.
Aiming: Flame Tongue (safe; 1% risk of failure)
Press: ? - help, Shift-Dir - straight line, f/p - Blork the orc
Aim: Blork the orc, wielding a trident of protection and wearing a robe (lightly wounded)
The flame tongue hits Blork the orc.
Blork the orc is moderately wounded.
You are feeling very hungry.
Blork the orc barely misses you.
You now have 7/12 mp.
Casting: Flame Tongue (safe; 1% risk of failure)
Confirm with . or Enter, or press ? or * to list all spells.
Aiming: Flame Tongue (safe; 1% risk of failure)
Press: ? - help, Shift-Dir - straight line, f/p - Blork the orc
Aim: Blork the orc, wielding a trident of protection and wearing a robe (moderately wounded)
The flame tongue hits Blork the orc.
Blork the orc is heavily wounded.
Blork the orc barely misses you.
You now have 6/12 mp.
Casting: Flame Tongue (safe; 1% risk of failure)
Confirm with . or Enter, or press ? or * to list all spells.
Aiming: Flame Tongue (safe; 1% risk of failure)
Press: ? - help, Shift-Dir - straight line, f/p - Blork the orc
Aim: Blork the orc, wielding a trident of protection and wearing a robe (heavily wounded)
The flame tongue misses Blork the orc.
Blork the orc gestures at you while chanting.
The puff of flame hits you!
You take 6 damage, and have 29/41 hp.
You now have 5/12 mp.
Casting: Flame Tongue (safe; 1% risk of failure)
Confirm with . or Enter, or press ? or * to list all spells.
Aiming: Flame Tongue (safe; 1% risk of failure)
Press: ? - help, Shift-Dir - straight line, f/p - Blork the orc
Aim: Blork the orc, wielding a trident of protection and wearing a robe (heavily wounded)
The flame tongue hits Blork the orc.
Blork the orc is heavily wounded.
Blork the orc closely misses you.
Casting: Flame Tongue (safe; 1% risk of failure)
Confirm with . or Enter, or press ? or * to list all spells.
Aiming: Flame Tongue (safe; 1% risk of failure)
Press: ? - help, Shift-Dir - straight line, f/p - Blork the orc
Aim: Blork the orc, wielding a trident of protection and wearing a robe (heavily wounded)
The flame tongue hits Blork the orc.
Blork the orc is severely wounded.
Blork the orc hits you from afar with a trident of protection!
An adder comes into view.
You take 7 damage, and have 22/41 hp.
You now have 4/12 mp.
Casting: Flame Tongue (safe; 1% risk of failure)
Confirm with . or Enter, or press ? or * to list all spells.
Aiming: Flame Tongue (safe; 1% risk of failure)
Press: ? - help, Shift-Dir - straight line, f/p - Blork the orc
Aim: Blork the orc, wielding a trident of protection and wearing a robe (severely wounded)
The flame tongue hits Blork the orc.
Blork the orc is severely wounded.
The adder hisses angrily.
The adder moves out of view.
Blork the orc hits you but does no damage.
You now have 3/12 mp.
Casting: Flame Tongue (safe; 1% risk of failure)
Confirm with . or Enter, or press ? or * to list all spells.
Aiming: Flame Tongue (safe; 1% risk of failure)
Press: ? - help, Shift-Dir - straight line, f/p - Blork the orc
Aim: Blork the orc, wielding a trident of protection and wearing a robe (severely wounded)
The flame tongue hits Blork the orc.
Blork the orc appears unharmed.
Blork the orc is severely wounded.
Blork the orc casts a cantrip, but nothing happens.
You now have 2/12 mp.
Blork the orc mumbles some strange words.
Blork the orc flickers and vanishes!
Deactivating autopickup; reactivate with Ctrl-A.
Casting: Flame Tongue (safe; 1% risk of failure)
Confirm with . or Enter, or press ? or * to list all spells.
Okay, then.
Something hits you!
* * * LOW HITPOINT WARNING * * *
You take 7 damage, and have 15/41 hp.
A magic dart appears from out of thin air!
The magic dart hits you!
* * * LOW HITPOINT WARNING * * *
You take 7 damage, and have 8/41 hp.
You see here a mace.
You hear some strange, mumbled words.
A magic dart appears from out of thin air!
The magic dart hits you!
You die...

█................██
███...............█
███.............██
██████.........█
██████....██
███..)██ ██...█████
███........ █
███@......... .█
███...████..... ..█
███...███ ███..
...█ ███S{)...█ █
.... ███...████.█
.....█...███ █.██
.......███ █..█
......██ ██.█
.....█ █.██


You could see an adder.

Vanquished Creatures
  Sigmund (D:2)
  A howler monkey (D:4)
  Ijyb (D:3)
  2 orc wizards (D:3)
  A worker ant (D:4)
  5 adders
  An ooze (D:2)
  3 dart slugs
  4 leopard geckos
  10 orcs (D:3)
  5 giant cockroaches
  9 goblins
  6 hobgoblins
  10 jackals
  11 kobolds
  4 quokkas
  A ball python (D:4)
  8 bats
  4 frilled lizards
  6 rats
93 creatures vanquished.

Notes
Turn   | Place    | Note
-------+----------+-------------------------------------------
     0 | D:1      | Goblin1989 the Octopode Fire Elementalist began the quest for the Orb.
     0 | D:1      | Reached XP level 1. HP: 11/11 MP: 3/3
   402 | D:1      | Reached XP level 2. HP: 17/17 MP: 1/5
  1107 | D:1      | Reached XP level 3. HP: 21/21 MP: 1/6
  1239 | D:2      | Learned a level 3 spell: Conjure Flame
  1632 | D:2      | Reached XP level 4. HP: 27/27 MP: 4/7
  1950 | D:2      | Reached skill level 4 in Fire Magic
  2034 | D:2      | Learned a level 4 spell: Sticky Flame
  2198 | D:2      | Noticed Sigmund
  2222 | D:2      | Killed Sigmund
  2222 | D:2      | Reached XP level 5. HP: 31/31 MP: 2/9
  2222 | D:2      | Reached XP level 6. HP: 36/36 MP: 2/10
  2726 | D:3      | Reached skill level 5 in Fire Magic
  2780 | D:3      | Found Zin's Purification Station.
  2884 | D:3      | Found a glowing silver altar of Zin.
  2920 | D:3      | Noticed Ijyb
  2955 | D:3      | Killed Ijyb
  3402 | D:3      | Found a runed door.
  4045 | D:4      | Found a staircase to the Ecumenical Temple.
  4056 | Temple   | Entered the Ecumenical Temple
  4211 | Temple   | Became a worshipper of Vehumet
  4257 | D:4      | Reached XP level 7. HP: 36/41 MP: 5/12
  4309 | D:4      | Noticed Blork the orc
  4332 | D:4      | Killed from afar by Blork the orc

Vault maps used:
D:1:      shiori_shiawase
D:2:      uniq_sigmund
D:3:      zin_purify, kennysheep_generic_room_6, uniq_ijyb,
          uniq_crazy_yiuf_cottage
D:4:      gammafunk_temple_overflow_forgotten, minmay_temple_entry_poolview,
          serial_shops, shop, nicolae_gozag_cash_rules_everything_around_me,
          uniq_blork_the_orc, uniq_edmund, uniq_natasha
Temple:   regret_index_temple_generic_petals

Skill      XL: |  1  2  3  4  5  6 |
---------------+-------------------+-----
Conjurations   | 2 3 4 |  4.4
Fire Magic     | 4 5 |  5.4
Spellcasting   | 3 |  3.3
Dodging        | |  2.0
Stealth        | |  2.6

Action                   |  1- 3 |  4- 6 |  7- 9 || total
-------------------------+-------+-------+-------++-------
Melee: Unarmed           |     6 |       |       ||     6
       Constrict         |     6 |     2 |       ||     8
       Dagger            |     7 |     4 |       ||    11
       Tentacles         |     2 |     2 |       ||     4
 Cast: Flame Tongue      |    47 |   107 |    12 ||   166
       Sticky Flame      |       |     1 |       ||     1
  Eat: Chunk             |     3 |     7 |       ||    10
Armor: Skin              |     5 |     2 |       ||     7
Dodge: Dodged            |    20 |    28 |     3 ||    51

Table legend:
 A = Spawn XP
 B = Non-spawn XP
 C = Spawn XP percentage of total XP
 D = Spawn monster count
 E = Non-spawn monster count
 F = Spawn count percentage of total count
 G = Total turns spent on level
                    A         B        C        D         E        F      G
               +---------+---------+-------+---------+---------+-------+---------
         Total |       0 |     649 |   0.0 |       0 |      93 |   0.0 |  4332
               +---------+---------+-------+---------+---------+-------+---------
           D:1 |       0 |      37 |   0.0 |       0 |      23 |   0.0 |  1221
           D:2 |       0 |     319 |   0.0 |       0 |      26 |   0.0 |  1398
           D:3 |       0 |     196 |   0.0 |       0 |      35 |   0.0 |  1188
           D:4 |       0 |      97 |   0.0 |       0 |       9 |   0.0 |   347
               +---------+---------+-------+---------+---------+-------+---------

Vault maps used:
D:1:      shiori_shiawase
D:2:      uniq_sigmund
D:3:      zin_purify, kennysheep_generic_room_6, uniq_ijyb,
          uniq_crazy_yiuf_cottage
D:4:      gammafunk_temple_overflow_forgotten, minmay_temple_entry_poolview,
          serial_shops, shop, nicolae_gozag_cash_rules_everything_around_me,
          uniq_blork_the_orc, uniq_edmund, uniq_natasha
Temple:   regret_index_temple_generic_petals
